 Dungeon Crawl Stone Soup version 0.31-a0-640-g39d97e502b (webtiles) character file.

Game seed: 16173650249922992174

81 mopl the Insei (level 4, -1/28 HPs)
             Began as an Octopode Shapeshifter on Aug 27, 2023.
             Slain by an iguana (12 damage)
             ... while paralysed by Grinder
             ... on level 4 of the Dungeon.
             The game lasted 00:02:23 (2196 turns).

mopl the Insei (Octopode Shapeshifter)              Turns: 2196, Time: 00:02:24

Health: -1/28      AC:  1    Str: 13    XL:     4   Next: 40%
Magic:  4/4        EV:  2    Int: 12    God:
Gold:   126        SH:  0    Dex: 13    Spells: 3/3 levels left

rFire   . .          .
                       - Unarmed
rCold   . . .        (no shield)
rNeg    . . .        (helmet currently unavailable)
rPois   .            (no amulet)
rElec   .            (no ring)
rCorr   .            (no ring)
SInv    .            (no ring)
Will    .....        (no ring)
Stlth   ++           (no ring)
HPRegen 0.24/turn    (no ring)
MPRegen 0.09/turn    (no ring)
                     (no ring)

%: no passive effects
@: paralysed, beast-form
A: beast (slay +2), almost no armour, amphibious, 8 rings, camouflage 1,
gelatinous body 1, (nimble swimmer 1), tentacles
a: Begin Untransformation


You were on level 4 of the Dungeon.
You were a hulking beast.
You visited 1 branch of the dungeon, and saw 4 of its levels.

You collected 126 gold pieces.

Inventory:

Talismans
 b - a beast talisman (active)
 c - a flux talisman
 k - a blade talisman
Scrolls
 d - a scroll of enchant weapon {unknown}
 e - 4 scrolls of identify {unknown}
 i - a scroll of vulnerability {unknown}
Potions
 a - 2 potions of lignification {!q}
 f - a potion of heal wounds {unknown}
 g - 2 potions of resistance {unknown}
 h - a potion of brilliance {unknown}
 j - a potion of mutation {unknown}


   Skills:
 + Level 1.6 Fighting
 + Level 2.4 Dodging
 * Level 3.9 Unarmed Combat
 * Level 3.7 Shapeshifting


You had 3 spell levels left.
You didn't know any spells.
Your spell library contained the following spells:

 Spells                   Type           Power      Damage    Failure   Level
 Sandblast                Erth           0%         2d4       32%         1
 Blink                    Tloc           0%         N/A       45%         2
 Lesser Beckoning         Tloc           0%         N/A       45%         2
 Passwall                 Tmut/Erth      0%         N/A       45%         2
 Gell's Gravitas          Tloc           0%         N/A       69%         3
 Inner Flame              Hex/Fire       0%         N/A       69%         3
 Stone Arrow              Conj/Erth      0%         3d7       69%         3
 Teleport Other           Tloc           0%         N/A       69%         3
 Manifold Assault         Tloc           0%         N/A       97%         4
 Yara's Violent Unravell  Hex/Tmut       0%         3d3       100%        5
 Enfeeble                 Hex            0%         N/A       100%        7


Dungeon Overview and Level Annotations

Branches:
Dungeon (4/15)
 Temple: D:4-7

Altars:
Zin

Annotations:
D:4 Grinder


Innate Abilities, Weirdness & Mutations

You are a hulking beast.
Your limbs bulge with bestial killing power. (Slay +2)
You cannot wear most types of armour.
You are amphibious.
You can wear up to eight rings at the same time.
Your skin changes colour to match your surroundings (Stealth+).
Your rubbery body absorbs attacks. (AC +1, EV +1)
((You are camouflaged when in or above water. (Stealth+)))
You have tentacles for arms and can constrict up to eight enemies at once.


Message History

The hobgoblin misses you.
You tentacle-slap the hobgoblin.
You kill the hobgoblin!
Found a grey potion.
A goblin comes into view. It is wielding a +0 club.
Grinder shouts!
The goblin shouts!
You hear an angry hiss.
An iguana comes into view.
The goblin moves out of view.
A giant cockroach comes into view.
You closely miss the iguana. You grab the iguana.
You constrict the iguana, but do no damage.
The iguana closely misses you.
You tentacle-slap the iguana but do no damage.
You constrict the iguana. The iguana closely misses you.
You tentacle-slap the iguana.
The iguana is moderately wounded.
You constrict the iguana, but do no damage.
The iguana barely misses you.
The goblin shouts!
You tentacle-slap the iguana but do no damage.
The iguana is moderately wounded.
You constrict the iguana. The iguana closely misses you.
You tentacle-slap the iguana but do no damage.
The iguana is heavily wounded.
You constrict the iguana. The iguana barely misses you.
You tentacle-slap the giant cockroach. You grab the giant cockroach.
Your squeeze misses the giant cockroach.
The giant cockroach is severely wounded.
You constrict the iguana. You constrict the giant cockroach.
The iguana bites you!
Grinder blinks!
The giant cockroach bites you.
You tentacle-slap Grinder but do no damage.
You grab Grinder. You constrict Grinder.
You constrict the iguana, but do no damage.
You constrict the giant cockroach.
You kill the giant cockroach!
Grinder gestures at you.
You suddenly lose the ability to move!
You lose your grip on Grinder.
You lose your grip on the iguana.
The iguana bites you. Grinder hits you. The iguana bites you!
You die...

#.# !..# ####..# #
##.....# #.#
#..###.5.#.# #l##
#...# ###.#####.....
######...#.....##.#.
......†.glh†........
#####..####5<.......
### #.........
#.........
#.........
#.........
..........
#.........
#.........


You could see Grinder, an iguana and a goblin.

Vanquished Creatures
  4 adders (D:2)
  A worm (D:2)
  2 dart slugs
  5 bats
  An endoplasm (D:2)
  2 giant cockroaches
  A goblin (D:2)
  4 hobgoblins
  2 jackals (D:2)
  A quokka (D:2)
  3 ball pythons
  3 frilled lizards (D:1)
  8 kobolds
  2 rats
39 creatures vanquished.

Notes
Turn   | Place    | Note
-------+----------+-------------------------------------------
     0 | D:1      | mopl the Octopode Shapeshifter began the quest for the Orb.
     0 | D:1      | Reached XP level 1. HP: 13/13 MP: 1/1
   269 | D:1      | Reached XP level 2. HP: 11/18 MP: 2/2
   815 | D:2      | Reached XP level 3. HP: 16/23 MP: 3/3
   944 | D:2      | Found a glowing silver altar of Zin.
  1085 | D:2      | Reached XP level 4. HP: 26/28 MP: 4/4
  2168 | D:4      | Noticed Grinder
  2195 | D:4      | Paralysed by Grinder for 3 turns
  2196 | D:4      | Slain by an iguana

Illustrated notes

Levels and vault maps discovered:
D:1:      dpeg_arrival_court, layout_basic, serial_park_tiny_2
D:2:      layout_loops_ring, basic_altar
D:3:      layout_loops_corners, hex_large
D:4:      layout_rooms, serial_shops, kennysheep_little_box,
          nicolae_ossuary_entry_false_entrances, uniq_grinder

Action                     |  1- 3 |  4- 6 || total
---------------------------+-------+-------++-------
  Melee: Unarmed           |    61 |    25 ||    86
         Constrict         |    17 |     8 ||    25
         Tentacles         |     7 |     3 ||    10
         Punch             |     2 |       ||     2
   Stab: Sleeping          |     5 |       ||     5
 Armour: Skin              |     3 |     1 ||     4
  Dodge: Dodged            |    34 |    18 ||    52
         Form:             |     1 |       ||     1
         Flux              |     1 |       ||     1
         Beast             |     1 |       ||     1

Table legend: (Time is in decaauts)
 A = Elapsed time spent in this place.
 B = Non-inter-level travel time spent in this place.
 C = Inter-level travel time spent in this place.
 D = Time resting spent in this place.
 E = Time spent auto-exploring this place.
 F = Levels seen in this place.
 G = Mean time per level.
                   A        B        C        D        E       F      G
               +--------+--------+--------+--------+--------+-----+--------+
         Total |   2189 |   2071 |    118 |      0 |   1792 |   4 |  547.2 |
       Dungeon |   2189 |   2071 |    118 |      0 |   1792 |   4 |  547.2 |
               +--------+--------+--------+--------+--------+-----+--------+

Top non-repeatable levels by time:
     D:3: 889 daAuts
     D:1: 655 daAuts
     D:2: 618 daAuts
     D:4: 27 daAuts
